AoeStats
← 荀多多

Arabia

510780970Analyzed
1v1 RM · 12h ago on Oct 2, 2026· 54m 18s· 2 players
Game mode
Random Map
Map size
Tiny (2 player)
Population
200
Speed
Normal
Resources
Standard
Victory
Conquest
Starting age
Dark Age
Ending age
Imperial Age
RankedLock teamsTeams togetherTeam positionsShared explorationLock speedFull tech treeHidden civsTurbo modeCheats
Victory
Defeat
🇮🇹 Bohemians · Italy
916
+18
🇨🇳 Spanish · China
949
-53
Barax
12:31 Feudal Age
16:49 Castle Age
16:41 Double-Bit Axe
19:45 Bow Saw
19:20 Horse Collar
23:32 Loom
28:17 Ballistics
30:16 Chemistry
29:10 Pikeman
30:39 Scale Mail Armor
33:38 Wagenburg Tactics
33:50 Fletching
37:34 Redemption
41:01 Imperial Age
43:03 Heavy Plow
44:05 Two-Man Saw
47:21 Theocracy
48:39 Conscription
50:49 Halberdier
53:19 Elite Hussite Wagon
荀多多
12:06 Feudal Age
12:40 Double-Bit Axe
17:51 Castle Age
16:28 Loom
19:06 Horse Collar
26:05 Bow Saw
26:02 Heavy Plow
29:48 Fletching
30:22 Gold Mining
30:23 Stone Mining
33:37 Imperial Age
30:54 Town Watch
31:49 Bloodlines
34:43 Light Cavalry
42:47 Husbandry
42:07 Cavalier
Connection lost

Rejoining the realm…

Still unreachable

The connection could not be restored.

Session expired

The server has moved on; the page needs a fresh start.